 Dungeon Crawl Stone Soup version 0.19-a0-892-g8a19e52 (webtiles) character file.

11977 matakusis the Nimble (level 11, -9/85 HPs)
             Began as a Demonspawn Gladiator on July 4, 2016.
             Was an Elder of Hepliaklqana.
             Killed from afar by an orc sorcerer (34 damage)
             ... with a bolt of fire
             ... led by an orc warlord
             ... while paralysed by an orc sorcerer
             ... on level 1 of the Orcish Mines.
             The game lasted 00:47:53 (9856 turns).

matakusis the Nimble (Demonspawn Gladiator)         Turns: 9856, Time: 00:47:54

Health: -9/85      AC: 13    Str: 16    XL:     11   Next: 56%
Magic:  11/11      EV:  2    Int: 10    God:    Hepliaklqana [****..]
Gold:   887        SH:  0    Dex: 26    Spells: 1 memorised, 8 levels left

rFire  . . .     SeeInvis .     a - +1 long sword
rCold  . . .     Gourm    .     E - +0 leather armour "Pashrata" {Dex+5}
rNeg   . . .     Faith    .     G - +3 buckler
rPois  +         Spirit   .     c - +0 helmet
rElec  .         Dismiss  .     v - +2 cloak {rPois}
rCorr  .         Reflect  .     h - +0 pair of gloves
SustAt .         Harm     .     o - +0 pair of boots
MR     .....                    g - amulet of rage
Stlth  +++.......               k - +3 ring of dexterity
                                m - +2 ring of evasion

@: paralysed, not resistant to hostile enchantments, fairly stealthy
A: hooves 2, large bone plates 2, agile 1, blurry vision 1, demonic guardian 1,
nightstalker 1
a: Recall Ancestor, Ancestor Identity, Transference, Idealise, Renounce
Religion, Evoke Berserk Rage


You were on level 1 of the Orcish Mines.
You worshipped Hepliaklqana.
Hepliaklqana was greatly pleased with you.
You were not hungry.

You visited 3 branches of the dungeon, and saw 11 of its levels.

You collected 887 gold pieces.

Inventory:

Hand Weapons
 a - a +1 long sword (weapon)
 b - the +7 halberd of the Morning {chop, +Rage}
   (You found it on level 7 of the Dungeon)

   It inflicts extra damage upon your enemies.
   It lets you go berserk.
Missiles
 d - 3 throwing nets (quivered)
Armour
 c - a +0 helmet (worn)
 e - the +1 ring mail of Ryrearra {rElec}
   (You found it on level 4 of the Dungeon)

   It insulates you from electricity.
 h - a +0 pair of gloves (worn)
 o - a +0 pair of boots (worn)
 v - a +2 cloak of poison resistance (worn)
 E - the +0 leather armour "Pashrata" (worn) {Dex+5}
   (You found it on level 6 of the Dungeon)

   It affects your dexterity (+5).
 G - a +3 buckler (worn)
Rods
 F - a +0 rod of ignition (11/11)
   (You found it on level 9 of the Dungeon)
Jewellery
 g - an amulet of rage (around neck)
 k - a +3 ring of dexterity (right hand)
 m - a +2 ring of evasion (left hand)
 q - an uncursed ring of ice
Wands
 r - a wand of confusion (20/48)
 t - a wand of disintegration (7/24)
Scrolls
 s - a scroll of fear
 u - 3 scrolls of remove curse
 w - 4 scrolls of magic mapping
 x - 4 scrolls of identify
 A - a scroll of immolation
 C - a scroll of enchant weapon
 H - 2 scrolls of teleportation
 L - a scroll of enchant armour
Potions
 j - 3 potions of lignification
 l - a potion of agility
 n - 2 potions of flight
 p - a potion of invisibility
 B - 4 potions of curing
 M - a potion of mutation {unknown}
Books
 y - a book of Summonings

   Spells                             Type                      Level
   a - Recall                         Summoning/Translocation      3
   b - Aura of Abjuration             Summoning                    5
   c - Summon Demon                   Summoning                    5
   d - Summon Forest                  Summoning/Translocation      5
   e - Summon Mana Viper              Hexes/Summoning              5
   f - Shadow Creatures               Summoning                    6
 J - a book of Battle

   Spells                             Type                      Level
   a - Infusion                       Charms                       1
   b - Shroud of Golubria             Charms/Translocation         2
   c - Song of Slaying                Charms                       2
   d - Spectral Weapon                Hexes/Charms                 3
   e - Regeneration                   Charms/Necromancy            3
Comestibles
 f - 5 bread rations
 i - 11 meat rations
 z - a fruit
 D - a beef jerky
 I - 2 chunks of flesh
 K - a royal jelly


   Skills:
 * Level 7.7 Fighting
 + Level 7.7 Long Blades
 - Level 1.7 Throwing
 + Level 3.4 Armour
 * Level 10.8 Dodging
 * Level 7.8 Shields
 * Level 2.4 Charms
 - Level 0.8 Evocations


You had 8 spell levels left.
You knew the following spells:

 Your Spells              Type           Power        Failure   Level  Hunger
a - Song of Slaying       Chrm           #.......     30%         2    ###....


Dungeon Overview and Level Annotations

Branches:
Dungeon (9/15)             Temple (1/1) D:6             Orc (1/2) D:9
   Lair: D:8-11

Altars:
Ashenzari
Cheibriados
Dithmenos
Elyvilon
Fedhas
Gozag
Hepliaklqana
Kikubaaqudgha
Makhleb
Nemelex Xobeh
Okawaru
Pakellas
Qazlal
Ru
Sif Muna
Trog
Uskayaw
Vehumet
Xom
Yredelemnul
Zin
The Shining One

Shops:
D:4 *   D:5 :   D:6 =}=   D:9 *([:*   Orc:1 =(%


Innate Abilities, Weirdness & Mutations

You have hoof-like feet.
You are mostly covered in large bone plates. (AC +3, SH +3)
A weak demonic guardian rushes to your aid.
You are slightly more attuned to the shadows.
You are agile. (Dex +2)
Scrolls take you a little longer to read.


Message History

The orc warrior hits you but does no damage.
The orc warrior hits your white imp with a war axe!
Your white imp dies!
The orc sorcerer casts a spell.
The orc warrior hits you with a flail!
Your ufetubus hits the orc warrior.
Your ufetubus hits the orc warrior but does no damage.
The orc warrior hits you with a war axe!
The orc warrior hits Xiuhtonal with a war axe.
The orc sorcerer hits you with a dagger.
The red devil hits you but does no damage.
Xiuhtonal closely misses the orc warrior.
Your ufetubus hits the orc warrior.
Your ufetubus barely misses the orc warrior.
The orc warrior hits you with a flail!
* * * LOW HITPOINT WARNING * * *
The orc warrior completely misses you.
The orc warrior barely misses Xiuhtonal.
The orc sorcerer gestures at you while chanting.
Helpless, you fail to dodge the bolt of fire.
You die...

.#.#.........o..
###.........o.o
#......ooo..
###)##'##..o
#))[...#
#.))...#
#))....#
#####)######
#...#)oo4o@####
#...#...ooo5..#
#...#....4R#..#
#^..########.)#
#...########).#
#...'.).)..)).#
##
#...###########
.## ##### ..#


You could see the friendly Xiuhtonal the battlemage, a sixfirhy, an orc
sorcerer, a red devil, 2 orc warriors, an orc priest, 2 orcs and a friendly
ufetubus.

Vanquished Creatures
  A centaur warrior (D:9)
  The ghost of matakusis the Nimble, a novice DsGl of Hepliaklqana (D:8)
  An orc knight (Orc:1)
  A troll (Orc:1)
  Grinder (D:5)
  4 spriggans (D:7)
  2 yaks (D:4)
  2 hungry ghosts
  A warg (Orc:1)
  A water moccasin (D:5)
  2 sky beasts
  A black bear (D:9)
  6 orc warriors
  5 ogres
  A centaur (D:7)
  A big kobold (D:7)
  3 giant frogs
  A wyvern zombie (D:6)
  A wyvern skeleton (D:8)
  2 scorpions
  2 howler monkeys
  An electric eel (D:9)
  9 orc priests
  A jelly (D:5)
  10 orc wizards
  3 giant frog skeletons (D:5)
  Terence (D:3)
  6 worker ants
  A hound skeleton (D:7)
  Robin (D:2)
  2 gnolls
  5 adders
  9 oozes
  An adder skeleton (D:5)
  2 worms
  6 dart slugs
  9 giant geckos
  41 orcs
  6 giant cockroaches
  16 goblins
  14 hobgoblins
  4 jackals (D:3)
  6 quokkas
  A ball python (D:3)
  7 bats
  A giant gecko skeleton (D:4)
  2 giant gecko zombies
  7 giant newts
  A jackal skeleton (D:5)
  6 kobolds
  A quokka skeleton (D:6)
  5 rats
225 creatures vanquished.

Vanquished Creatures (collateral kills)
  An orc sorcerer (Orc:1)
  An orc knight (Orc:1)
  2 trolls (D:9)
  Sigmund (D:6)
  2 spriggans (D:7)
  4 yaks (D:4)
  Menkaure (D:6)
  2 wargs (Orc:1)
  A black bear (D:6)
  9 orc warriors
  A phantom (D:9)
  2 ice beasts (D:6)
  4 ogres
  A crocodile (D:9)
  3 giant frogs
  9 killer bees
  An electric eel (D:9)
  2 howler monkeys
  2 giant frog zombies
  A hound (D:9)
  8 orc priests
  2 jellies
  8 orc wizards
  4 worker ants
  An adder (D:6)
  3 gnolls (D:6)
  A howler monkey skeleton (D:6)
  An adder skeleton (D:4)
  A worm (D:4)
  3 giant geckos
  28 orcs
  A giant cockroach (D:6)
  2 hobgoblins (Orc:1)
  3 kobolds
  A rat (D:3)
117 creatures vanquished.

Vanquished Creatures (others)
  3 battlemagi
  A quokka (D:7)
4 creatures vanquished.

Grand Total: 346 creatures vanquished

Notes
Turn   | Place    | Note
-------+----------+-------------------------------------------
     0 | D:1      | matakusis the Demonspawn Gladiator began the quest for the Orb.
     0 | D:1      | Reached XP level 1. HP: 16/16 MP: 1/1
   238 | D:1      | Gained mutation: You are partially covered in large bone plates. (AC +2, SH +2) [demonic ancestry]
   238 | D:1      | Reached XP level 2. HP: 22/22 MP: 2/2
   401 | D:1      | Reached skill level 3 in Dodging
   578 | D:1      | Reached XP level 3. HP: 27/27 MP: 3/3
  1112 | D:2      | Reached XP level 4. HP: 34/34 MP: 4/4
  1193 | D:2      | Found an ancient bone altar of Kikubaaqudgha.
  1200 | D:2      | Noticed Robin
  1208 | D:2      | Killed Robin
  1208 | D:2      | Reached skill level 4 in Dodging
  1896 | D:3      | Reached XP level 5. HP: 36/40 MP: 5/5
  2263 | D:3      | Found a hazy altar of Hepliaklqana.
  2269 | D:3      | Became a worshipper of Hepliaklqana
  2565 | D:3      | Reached skill level 1 in Shields
  2644 | D:3      | Noticed Terence
  2659 | D:3      | Killed Terence
  2659 | D:3      | Gained mutation: A weak demonic guardian rushes to your aid. [demonic ancestry]
  2659 | D:3      | Reached XP level 6. HP: 45/47 MP: 6/6
  2734 | D:3      | Found a basalt altar of Yredelemnul.
  2906 | D:3      | Found an opulent altar of Gozag.
  3007 | D:4      | Reached * piety under Hepliaklqana
  3030 | D:4      | Noticed a yak
  3038 | D:4      | Killed a yak
  3038 | D:4      | Reached skill level 5 in Dodging
  3050 | D:4      | Found a blossoming altar of Fedhas.
  3054 | D:4      | Noticed a yak
  3062 | D:4      | Killed a yak
  3062 | D:4      | Gained mutation: You are mostly covered in large bone plates. (AC +3, SH +3) [demonic ancestry]
  3062 | D:4      | Reached XP level 7. HP: 28/54 MP: 7/7
  3063 | D:4      | Noticed a yak
  3064 | D:4      | Noticed a yak
  3064 | D:4      | Noticed a yak
  3064 | D:4      | Noticed a yak
  3076 | D:4      | Killed a yak
  3086 | D:4      | Killed a yak
  3086 | D:4      | Reached skill level 6 in Dodging
  3086 | D:4      | Killed a yak
  3086 | D:4      | Gained mutation: You have large cloven feet. [demonic ancestry]
  3086 | D:4      | Reached XP level 8. HP: 16/61 MP: 8/8
  3261 | D:4      | Got a translucent ring mail
  3272 | D:4      | Identified the +1 ring mail of Ryrearra {rElec} (You found it on level 4 of the Dungeon)
  3703 | D:4      | Found Alenuynt's General Store.
  3834 | D:4      | Reached skill level 5 in Long Blades
  4024 | D:5      | Entered Level 5 of the Dungeon
  4042 | D:5      | Reached skill level 5 in Fighting
  4042 | D:5      | Reached skill level 1 in Armour
  4100 | D:5      | Found a glowing golden altar of the Shining One.
  4240 | D:5      | Reached skill level 7 in Dodging
  4291 | D:5      | Noticed Grinder
  4298 | D:5      | Found Tiafauh's Book Shoppe.
  4309 | D:5      | Killed Grinder
  4338 | D:5      | Got a creamy pearl robe
  4349 | D:5      | Identified the +1 robe "Zaetasch" {*Drain Str+6} (You found it on level 5 of the Dungeon)
  4653 | D:5      | Gained mutation: You are slightly more attuned to the shadows. [demonic ancestry]
  4653 | D:5      | Reached XP level 9. HP: 66/68 MP: 9/9
  4716 | D:6      | Reached ** piety under Hepliaklqana
  4717 | D:6      | Remembered your ancestor Xiuhtonal as a battlemage
  4774 | D:6      | Found a sparkling altar of Nemelex Xobeh.
  4839 | D:6      | Got a faintly humming leather armour
  4850 | D:6      | Identified the +0 leather armour "Pashrata" {Dex+5} (You found it on level 6 of the Dungeon)
  4932 | D:6      | Found a snail-covered altar of Cheibriados.
  5035 | D:6      | Noticed Menkaure
  5041 | D:6      | Killed Menkaure
  5066 | D:6      | Found a shattered altar of Ashenzari.
  5106 | D:6      | Found a staircase to the Ecumenical Temple.
  5119 | Temple   | Entered the Ecumenical Temple
  5336 | D:6      | Found a sparkling altar of Nemelex Xobeh.
  5365 | D:6      | Found Tose's Jewellery Emporium.
  5365 | D:6      | Found Plog's Jewellery Emporium.
  5365 | D:6      | Found Lirraott's Gadget Shop.
  5558 | D:6      | Reached skill level 8 in Dodging
  5670 | D:6      | Noticed Sigmund
  5680 | D:6      | Killed Sigmund
  5718 | D:6      | Reached skill level 5 in Shields
  5847 | D:7      | Reached *** piety under Hepliaklqana
  6382 | D:7      | Reached XP level 10. HP: 58/76 MP: 10/10
  6517 | D:7      | Identified the +7 halberd of the Morning {chop, +Rage} (You found it on level 7 of the Dungeon)
  6636 | D:7      | Gained mutation: Scrolls take you a little longer to read. [mutagenic meat]
  6639 | D:7      | Gained mutation: You are agile. (Dex +2) [mutagenic meat]
  6691 | D:7      | Found a white marble altar of Elyvilon.
  6755 | D:7      | Reached skill level 9 in Dodging
  6984 | D:7      | Found a bloodstained altar of Trog.
  7377 | D:8      | Noticed matakusis's ghost (novice DsGl)
  7386 | D:8      | Killed matakusis's ghost
  7508 | D:9      | Noticed a centaur warrior
  7519 | D:9      | Killed a centaur warrior
  7602 | D:9      | Reached skill level 10 in Dodging
  7656 | D:9      | Learned a level 2 spell: Song of Slaying
  7674 | D:9      | Found Tutiukee's Weapon Boutique.
  7676 | D:9      | Found Cebass's Armour Shop.
  7865 | D:9      | Reached **** piety under Hepliaklqana
  7903 | D:9      | Gained mutation: You have hoof-like feet. [demonic ancestry]
  7903 | D:9      | Reached XP level 11. HP: 74/84 MP: 11/11
  8020 | D:9      | Found a staircase to the Orcish Mines.
  8090 | D:9      | Found Kirif's General Store.
  8163 | D:9      | Found Ywaadegi's Assorted Antiques.
  8242 | D:9      | Found a shimmering altar of Xom.
  8242 | D:9      | Found a sacrificial altar of Ru.
  8247 | D:9      | Found a hide-covered altar of Uskayaw.
  8253 | D:9      | Reached skill level 1 in Charms
  8274 | D:9      | Found Dexat's Book Shoppe.
  8515 | Orc:1    | Entered Level 1 of the Orcish Mines
  8518 | Orc:1    | Found Mucvin's Food Emporium.
  8614 | Orc:1    | Found Upru's Jewellery Shop.
  8628 | Orc:1    | Noticed an orc sorcerer
  8632 | Orc:1    | Paralysed by an orc sorcerer for 7 turns
  8647 | Orc:1    | Killed an orc sorcerer
  8716 | Orc:1    | Found Ucofyn's Antique Weapon Shop.
  8788 | Orc:1    | Noticed an orc knight
  8796 | Orc:1    | Killed an orc knight
  8928 | Orc:1    | Noticed an orc warlord
  8928 | Orc:1    | Noticed an orc sorcerer
  8935 | Orc:1    | Noticed an orc knight
  8976 | Orc:1    | Killed an orc knight
  9853 | Orc:1    | Paralysed by an orc sorcerer for 7 turns
  9856 | Orc:1    | Killed from afar by an orc sorcerer

Vault maps used:
D:1:      tarquinn_simple_flora_water_b, nrook_mini_backslash
D:2:      kiku_gazebo_pond_becter, uniq_robin
D:3:      lemuel_coloured_pillars_altar, lemuel_doored_altar,
          old_standard_altar, first_bread, uniq_terence
D:4:      old_standard_altar, serial_shops, shop
D:5:      tso_metal_star, serial_shops, shop, uniq_grinder
D:6:      minmay_shop_grove, nicolae_overflow_hidden_temple,
          nemelex_xobeh_ov_fountains_minmay, nicolae_ashenzari_panopticon,
          basic_altar, uniq_sigmund, uniq_menkaure
D:7:      kb_forest_paths, elyvilon_altar_4, bloody_trog
D:9:      grunt_temple_overflow_open, erik_orc_2, serial_shops, shop, shop,
          nicolae_shop_waterfront, shop, kennysheep_little_box
Temple:   nicolae_temple_figure_zero
Orc:1:    cheibrodos_orc_bank, serial_shops, nicolae_shop_window_shopping,
          shop_statue, nicolae_shop_window_shopping, shop, shop

Skill      XL: |  1  2  3  4  5  6  7  8  9 10 11 |
---------------+----------------------------------+-----
Long Blades    | 3 4 5 6 7 |  7.7
Dodging        | 3 4 5 6 7 8 10 | 10.8
Fighting       | 3 4 5 6 7 |  7.7
Shields        | 1 2 4 5 6 7 |  7.8
Armour         | 1 2 3 |  3.4
Charms         | 2 |  2.4
Throwing       | |  1.7
Evocations     | |  0.8

Action                   |  1- 3 |  4- 6 |  7- 9 | 10-12 || total
-------------------------+-------+-------+-------+-------++-------
Melee: Long sword        |   130 |   229 |   378 |   538 ||  1275
Throw: Throwing net      |       |       |     1 |       ||     1
Invok: Recall Ancestor   |       |       |     1 |     1 ||     2
       Ancestor Life: Ba |       |       |     1 |       ||     1
 Abil: Evoke Berserk Rag |       |     1 |     1 |     1 ||     3
  Use: Scroll            |     2 |     9 |     3 |     3 ||    17
       Potion            |       |     4 |     3 |     2 ||     9
 Stab: Sleeping          |     3 |     5 |     8 |     4 ||    20
       Distracted        |       |     2 |     7 |     8 ||    17
       Held in net/web   |       |       |     1 |       ||     1
  Eat: Chunk             |     1 |     7 |    12 |    14 ||    34
       Fruit             |       |       |       |     1 ||     1
Armor: Leather armour    |    35 |    52 |    23 |    43 ||   153
       Ring mail         |       |       |    40 |       ||    40
       Robe              |       |       |     4 |       ||     4
Dodge: Dodged            |    75 |   122 |   172 |   297 ||   666
Block: Other             |     8 |     2 |       |       ||    10
       Buckler           |       |    34 |   114 |   279 ||   427
